 Dungeon Crawl Stone Soup version 0.22-a0-553-g9358b0b (webtiles) character file.

41 torrenera the Skirmisher (level 3, 0/34 HPs)
             Began as a Hill Orc Abyssal Knight on June 25, 2018.
             Was a Follower of Lugonu.
             Slain by a hobgoblin
             ... wielding a +0 club
              (3 damage)
             ... on level 2 of the Dungeon.
             The game lasted 00:01:48 (967 turns).

torrenera the Skirmisher (Hill Orc Abyssal Knight)   Turns: 967, Time: 00:01:49

Health: 0/34       AC:  3    Str: 15    XL:     3   Next: 52%
Magic:  4/4        EV: 11    Int: 12    God:    Lugonu [*.....]
Gold:   58         SH:  0    Dex: 10    Spells: 2/2 levels left

rFire    . . .     SeeInvis .   a - +1 hand axe
rCold    . . .     Gourm    .   (no shield)
rNeg     . . .     Faith    .   b - +0 leather armour
rPois    .         Spirit   .   (no helmet)
rElec    .         Reflect  .   (no cloak)
rCorr    .         Harm     .   (no gloves)
MR       .....                  (no boots)
Stlth    +.........             (no amulet)
HPRegen  0.11/turn              (no ring)
MPRegen  0.09/turn              (no ring)

@: no status effects
A: no striking features
a: Depart the Abyss, Renounce Religion


You were on level 2 of the Dungeon.
You worshipped Lugonu.
Lugonu was aware of your devotion.
You were not hungry.

You visited 1 branch of the dungeon, and saw 2 of its levels.
You visited the Abyss 1 time.

You collected 58 gold pieces.

Inventory:

Hand Weapons
 a - a +1 hand axe (weapon)
Missiles
 k - 44 stones (quivered)
Armour
 b - a +0 leather armour (worn)
 m - a +0 plate armour
Scrolls
 e - 2 scrolls of identify {unknown}
 g - a scroll of remove curse {unknown}
 h - 2 scrolls of blinking {unknown}
 j - a scroll of enchant armour {unknown}
Potions
 d - a potion of degeneration {unknown}
 i - a potion of cancellation {unknown}
 l - a potion of heal wounds {unknown}
Comestibles
 c - a ration
 f - 10 chunks of flesh


   Skills:
 + Level 4.5 Fighting
 + Level 3.4 Axes
 + Level 2.7 Armour
 + Level 0.8 Dodging
 + Level 2.4 Invocations


You had 2 spell levels left.
You didn't know any spells.
Your spell library was empty.

Dungeon Overview and Level Annotations

Branches:
Dungeon (2/15)

Altars:


Message History

You closely miss the hobgoblin. The hobgoblin hits you with a club.
You hit the hobgoblin but do no damage. The hobgoblin barely misses you.
You closely miss the hobgoblin. The hobgoblin misses you.
You closely miss the hobgoblin.
The hobgoblin hits you but does no damage.
You closely miss the hobgoblin. The hobgoblin barely misses you.
You completely miss the hobgoblin. The hobgoblin barely misses you.
You closely miss the hobgoblin. The hobgoblin barely misses you.
You closely miss the hobgoblin. The hobgoblin barely misses you.
You barely miss the hobgoblin. The hobgoblin hits you with a club.
You closely miss the hobgoblin. The hobgoblin hits you with a club.
* * * LOW HITPOINT WARNING * * *
You barely miss the hobgoblin. The hobgoblin hits you with a club.
* * * LOW HITPOINT WARNING * * *
You barely miss the hobgoblin. The hobgoblin hits you with a club.
* * * LOW HITPOINT WARNING * * *
You hit the hobgoblin.
The hobgoblin is heavily wounded.
The hobgoblin hits you with a club.
You die...

#. ..# #.## .# ..#
..####.######..#
#........>..#..###.#
#.####..###.####<#.....
#................#..###..
#..##.......).......
#..##.####..).####.#
#...(.@g............
#..##.####.....###..
#.)##.#####.#..###
#..................
#..##............##
#..##...###.#......
#.......# #.##.#.##.
#.......###.# #..#
##..##(..##.. #..


You could see a hobgoblin.

Vanquished Creatures
  An adder (D:2)
  A worm (D:2)
  2 dart slugs (D:1)
  A leopard gecko (D:1)
  A bat (D:2)
  4 giant cockroaches (D:1)
  2 hobgoblins (D:2)
  2 jackals (D:1)
  2 frilled lizards (D:1)
  4 kobolds
  3 rats
23 creatures vanquished.

Notes
Turn   | Place    | Note
-------+----------+-------------------------------------------
     0 | Abyss:1  | torrenera the Hill Orc Abyssal Knight began the quest for the Orb.
     0 | Abyss:1  | Reached XP level 1. HP: 19/19 MP: 2/2
    68 | D:1      | Escaped the Abyss
   158 | D:1      | Reached skill level 4 in Fighting
   195 | D:1      | Reached XP level 2. HP: 22/27 MP: 3/3
   832 | D:2      | Reached XP level 3. HP: 31/34 MP: 4/4
   967 | D:2      | Slain by a hobgoblin

Vault maps used:
D:1:      dpeg_arrival_orchard, minmay_misc_feat_rows, minmay_misc_feat_iff
D:2:      kennysheep_decorative_pillar, minmay_octomino_c4

Skill      XL: |  1  2 |
---------------+-------+-----
Fighting       | 4 |  4.5
Axes           | 3 |  3.4
Armour         | |  2.7
Dodging        | |  0.8
Invocations    | |  2.4

Action                   || total
-------------------------++-------
Melee: Hand axe          ||    82
Armor: Leather armour    ||    12
Dodge: Dodged            ||    50

Table legend:
 A = Spawn XP
 B = Non-spawn XP
 C = Spawn XP percentage of total XP
 D = Spawn monster count
 E = Non-spawn monster count
 F = Spawn count percentage of total count
 G = Total turns spent on level
                    A         B        C        D         E        F      G
               +---------+---------+-------+---------+---------+-------+---------
         Total |       0 |      59 |   0.0 |       0 |      23 |   0.0 |   967
               +---------+---------+-------+---------+---------+-------+---------
           D:1 |       0 |      31 |   0.0 |       0 |      16 |   0.0 |   755
           D:2 |       0 |      28 |   0.0 |       0 |       7 |   0.0 |   144
               +---------+---------+-------+---------+---------+-------+---------
